 Dungeon Crawl Stone Soup version 0.30-a0-266-g2b27a225a3 (webtiles) character file.

Game seed: 17296276235163696650

61455 Morbidden the Skirmisher (level 15, -3/117 HPs)
             Began as a Formicid Hunter on Oct 14, 2022.
             Was the Champion of Cheibriados.
             Killed by an exploding orc sorcerer (27 damage)
             ... ignited by their inner flame
             ... on level 2 of the Orcish Mines.
             The game lasted 00:35:48 (25031 turns).

Morbidden the Skirmisher (Formicid Hunter)         Turns: 25031, Time: 00:35:48

Health: -3/117     AC: 15    Str: 33    XL:     15   Next: 42%
Magic:  27/27      EV: 23    Int: 23    God:    Cheibriados [******]
Gold:   1926       SH: 15    Dex: 50    Spells: 30/30 levels left

rFire   . . .      SeeInvis +    b - +0 triple sword (venom)
rCold   + . .      Faith    .    e - +0 buckler {rC+}
rNeg    . . .      Spirit   .    L - +5 scale mail of Call {Fly}
rPois   .          Reflect  +    (helmet unavailable)
rElec   .          Harm     .    (no cloak)
rCorr   .          Rampage  .    (no gloves)
Will    +....                    K - +0 pair of boots
Stlth   +++.......               c - amulet of reflection
HPRegen 0.39/turn                v - +6 ring of dexterity
MPRegen 0.20/turn                O - +6 ring of dexterity

@: flying, very slow
A: permanent stasis, dig shafts and tunnels, antennae 3, four strong arms
a: Dig, Shaft Self, Renounce Religion, Bend Time, Temporal Distortion, Slouch,
Step From Time


You were on level 2 of the Orcish Mines.
You worshipped Cheibriados.
Cheibriados was exalted by your worship.
You visited 4 branches of the dungeon, and saw 23 of its levels.
You also visited: Ice Cave.

You collected 1978 gold pieces.
You spent 52 gold pieces at shops.

Inventory:

Hand Weapons
 a - a +0 vorpal longbow
 b - a +0 triple sword of venom (weapon)
 p - the +3 long sword of Starshine {flame, Dex+4 SInv}
   (You found it on level 3 of the Lair of Beasts)

   It burns those it strikes, dealing additional fire damage.
   Big, fiery blades are also staple armaments of hydra-hunters.
   Dex:       It affects your dexterity (+4).
   SInv:      It lets you see invisible.
 z - a +6 great sword of freezing
 H - a +1 great sword of holy wrath
Missiles
 h - 5 curare-tipped darts (quivered)
 n - 6 javelins
 r - 5 boomerangs
Armour
 e - a +0 buckler of cold resistance (worn)
 x - a +2 ring mail of willpower
 K - a +0 pair of boots (worn)
 L - the +5 scale mail of Call (worn) {Fly}
   (You found it on level 9 of the Dungeon)

   Fly:       It grants you flight.
Jewellery
 c - an amulet of reflection (around neck)
 j - an amulet of magic regeneration
 v - a +6 ring of dexterity (left hand)
 N - a ring of willpower
 O - a +6 ring of dexterity (right hand)
Wands
 k - a wand of polymorph (3)
 s - a wand of iceblast (11)
 E - a wand of charming (10)
 I - a wand of flame (8)
 M - a wand of light (8)
 P - a wand of mindburst (19)
Scrolls
 f - a scroll of poison
 g - 3 scrolls of immolation
 l - 13 scrolls of identify
 m - 4 scrolls of magic mapping
 t - 3 scrolls of amnesia
 w - a scroll of butterflies
 y - 4 scrolls of enchant armour
 Q - a scroll of silence
Potions
 d - a potion of ambrosia
 i - 2 potions of degeneration
 o - 7 potions of brilliance
 q - 10 potions of curing
 u - 2 potions of heal wounds
 A - 3 potions of resistance
 B - 7 potions of flight
 C - 2 potions of magic
 D - 2 potions of cancellation
 F - a potion of lignification
 G - 2 potions of might
 J - 2 potions of mutation


   Skills:
 * Level 10.9 Fighting
 + Level 1.0(7.5) Short Blades
 * Level 11.8 Long Blades
 * Level 12.6 Ranged Weapons
 * Level 10.4 Armour
 * Level 7.7 Dodging
 + Level 3.7 Stealth
 * Level 6.5 Shields
 * Level 8.2 Spellcasting
 * Level 9.7 Invocations
 + Level 0.3 Evocations


You had 30 spell levels left.
You didn't know any spells.
Your spell library contained the following spells:

 Spells                   Type           Power      Damage    Failure   Level
 Freeze                   Ice            36%        1d5       14%         1
 Magic Dart               Conj           36%        1d4       14%         1
 Sandblast                Erth           18%        2d7       14%         1
 Call Imp                 Summ           9%         N/A       22%         2
 Cigotuvi's Dreadful Rot  Necr/Pois/Air  18%        N/A       22%         2
 Ensorcelled Hibernation  Hex/Ice        18%        N/A       22%         2
 Passwall                 Tmut/Erth      7%         N/A       22%         2
 Poisonous Vapours        Pois/Air       18%        N/A       22%         2
 Frozen Ramparts          Ice            18%        1d3       38%         3
 Hailstorm                Conj/Ice       9%         3d4       38%         3
 Inner Flame              Hex/Fire       9%         N/A       38%         3
 Mephitic Cloud           Conj/Pois/Air  9%         N/A       38%         3
 Ozocubu's Armour         Ice            9%         N/A       38%         3
 Stone Arrow              Conj/Erth      18%        3d8       38%         3
 Tukima's Dance           Hex            9%         N/A       38%         3
 Flame Wave               Conj/Fire      9%         2d6       80%         4
 Passage of Golubria      Tloc           9%         N/A       80%         4
 Sticky Flame             Conj/Fire      9%         2d3       80%         4
 Fireball                 Conj/Fire      4%         3d4       98%         5
 Iskenderun's Battlesphe  Conj           9%         2d6       98%         5
 Yara's Violent Unravell  Hex/Tmut       4%         3d4       98%         5
 Conjure Ball Lightning   Conj/Air       4%         3x3d6     100%        6
 Orb of Destruction       Conj           4%         9d5       100%        7
 Ozocubu's Refrigeration  Ice            4%         4d8       100%        7
 Swiftness                Air            Unusable   N/A       N/A         3

Dungeon Overview and Level Annotations

Branches:
Dungeon (15/15)            Temple (1/1) D:6            Lair (5/5) D:9
  Swamp (0/4) Lair:2        Snake (0/4) Lair:2        Slime (0/5) Lair:5
    Orc (1/2) D:12         Depths (0/4) D:15          IceCv (visited)
 Vaults: D:13-14

Altars:
Cheibriados
Dithmenos
Elyvilon
Fedhas
Gozag
Hepliaklqana
Makhleb
Nemelex Xobeh
Okawaru
Qazlal
Ru
Sif Muna
Trog
Vehumet
Xom
Zin
The Shining One
Jiyva

Shops:
D:5 *   D:10 (

Portals:
Trove: D:10 (give +2 ice dragon scales)

Annotations:
D:14 2 transporters, onwiheg's ghost, journeyman HOGl


Innate Abilities, Weirdness & Mutations

You cannot be hasted, slowed, berserked, paralysed or teleported.
You can dig through walls and to a lower floor.
You have a pair of large antennae on your head. (SInv)
Your four strong arms can wield two-handed weapons with a shield.


Message History

The fiery explosion engulfs you!
The fiery explosion engulfs the orc warrior!
Flame seeps out of the orc warrior.
The orc warrior is moderately wounded.
The fiery explosion engulfs the warg!!
Flame seeps out of the warg.
The warg is almost dead.
The fiery explosion engulfs the orc sorcerer!!!
Cheibriados appreciates the change of pace.
The fiery explosion engulfs the orc warrior!!
Cheibriados thoroughly appreciates the change of pace.
The fiery explosion engulfs the hellwing!
Flame seeps out of the hellwing.
The hellwing is moderately wounded.
The orc warrior explodes!
The fiery explosion engulfs the orc warrior!!
Cheibriados appreciates the change of pace.
The fiery explosion engulfs the hellwing!!!
The hellwing disappears in a puff of smoke!
The fiery explosion engulfs the warg!!!
Cheibriados thoroughly appreciates the change of pace.
The fiery explosion engulfs the orc priest!
Flame seeps out of the orc priest.
The orc priest is heavily wounded.
The warg explodes!
The fiery explosion engulfs the orc warrior!!!
Cheibriados appreciates the change of pace.
The fiery explosion engulfs the orc!!
Cheibriados thoroughly appreciates the change of pace.
The orc explodes!
The orc warrior explodes!
The hellwing explodes!
The fiery explosion engulfs the orc priest!!
Cheibriados thoroughly appreciates the change of pace.
The orc priest explodes!
The orc warrior explodes!
The fiery explosion engulfs you!!!
* * * LOW HITPOINT WARNING * * *
The orc sorcerer explodes!
The fiery explosion engulfs the orc high priest!!
Flame seeps out of the orc high priest.
The orc high priest is heavily wounded.
The fiery explosion engulfs you!!
You die...

......# .....#.##
........##
.........##
........$.##
.#.........#
...........#
......###o#####oo
#....# #@§8§§.o.
........§§○○§§...
........#§§○§§..o
.......###§§§o...
..... .8.oo..
.... #####.. ...
.. .#.


You could see an orc warlord (inner flame), an orc high priest (inner flame,
strong), 2 orc warriors, an orc priest (strong) and 3 orc wizards.

Vanquished Creatures
  7 hydras
  An alligator (Lair:3)
  An alligator snapping turtle (shapeshifter) (D:14)
  A catoblepas (Lair:2)
  An anaconda (Lair:3)
  4 centaur warriors
  2 boulder beetles
  5 death yaks (Lair:5)
  An orc high priest (Orc:1)
  Sonja (Lair:1)
  A necromancer (D:15)
  2 deep elf pyromancers
  A deep elf zephyrmancer (D:15)
  An orc sorcerer (Orc:2)
  10 ugly things
  6 cyclopes
  An elephant (Lair:3)
  3 manticores
  5 black mambas
  3 ice statues (IceCv)
  12 cane toads
  A naga mage (D:15)
  2 torpor snails (Lair:3)
  A gargoyle (D:11)
  3 unseen horrors
  4 rime drakes
  A centaur skeleton (D:15)
  10 komodo dragons
  A freezing wraith (IceCv)
  A tengu conjurer (D:13)
  2 ice devils (Lair:5)
  3 polar bears (Lair:2)
  6 trolls
  22 blink frogs
  3 hornets
  7 slime creatures
  3 dire elephant simulacra (IceCv)
  A shadow (D:13)
  A wraith (D:10)
  5 wyverns
  2 basilisks
  8 vampire mosquitoes
  28 yaks
  A death yak simulacrum (IceCv)
  5 wargs
  2 nagas (Lair:2)
  2 acid dragons
  9 water moccasins
  3 ice beasts
  13 orc warriors
  A sky beast (D:8)
  4 black bears
  A hornet zombie (D:15)
  5 ogres
  8 wolves (Lair:2)
  3 boggarts (D:15)
  9 centaurs
  A phantom (D:5)
  2 kobold brigands
  9 bullfrogs
  A gnoll sergeant (D:11)
  4 necrophages
  A cane toad simulacrum (IceCv)
  2 scorpions
  8 wights
  11 killer bees
  4 electric eels
  3 howler monkeys (D:10)
  2 jellies
  6 hounds
  3 gnoll boudas
  10 orc priests
  8 orc wizards
  A boggart skeleton (D:15)
  2 polar bear simulacra (IceCv)
  A wolf simulacrum (IceCv)
  18 gnolls
  9 adders
  A worm (D:2)
  6 dart slugs
  47 orcs
  2 bats
  6 endoplasms
  3 giant cockroaches
  6 goblins
  6 hobgoblins
  5 quokkas
  4 ball pythons
  6 frilled lizards
  22 kobolds
  11 rats
481 creatures vanquished.

Vanquished Creatures (collateral kills)
  A hydra (Lair:5)
  A molten gargoyle (Lair:5)
  A basilisk (Lair:5)
  A steam dragon (Lair:5)
4 creatures vanquished.

Vanquished Creatures (others)
  A wizard (D:15)
  An orc wizard (D:3)
  7 fungi
  19 plants
28 creatures vanquished.

Grand Total: 513 creatures vanquished

Notes
Turn   | Place    | Note
-------+----------+-------------------------------------------
     0 | D:1      | Morbidden the Formicid Hunter began the quest for the Orb.
     0 | D:1      | Reached XP level 1. HP: 16/16 MP: 1/1
   176 | D:1      | Reached XP level 2. HP: 22/22 MP: 2/2
   350 | D:1      | Reached XP level 3. HP: 27/28 MP: 3/3
   627 | D:2      | Found a shimmering altar of Xom.
   836 | D:2      | Reached skill level 1 in Spellcasting
   836 | D:2      | Reached XP level 4. HP: 34/34 MP: 5/5
  1301 | D:3      | Reached skill level 1 in Armour
  1358 | D:3      | Reached XP level 5. HP: 14/39 MP: 7/7
  1489 | D:3      | Reached skill level 5 in Ranged Weapons
  1532 | D:3      | Reached skill level 1 in Short Blades
  1817 | D:3      | Identified the +1 robe of Spring Thaw {+Inv rC- Will+}
  2056 | D:4      | Reached XP level 6. HP: 17/47 MP: 8/8
  2399 | D:4      | Found a white marble altar of Elyvilon.
  2550 | D:4      | Reached skill level 1 in Long Blades
  3086 | D:5      | Entered Level 5 of the Dungeon
  3175 | D:5      | Reached skill level 6 in Ranged Weapons
  3175 | D:5      | Reached XP level 7. HP: 44/52 MP: 9/9
  3892 | D:5      | Found Sihucepp's Assorted Antiques.
  3895 | D:5      | Bought a scroll labelled XUSYCOKIFI for 26 gold pieces
  3895 | D:5      | Bought a scroll labelled DIARYR REAX for 26 gold pieces
  4349 | D:5      | Reached XP level 8. HP: 60/60 MP: 11/11
  4614 | D:6      | Identified a scroll of acquirement
  4614 | D:6      | Acquired an amulet of reflection
  4640 | D:6      | Reached skill level 7 in Ranged Weapons
  4889 | D:6      | Found a staircase to the Ecumenical Temple.
  4898 | Temple   | Entered the Ecumenical Temple
  4913 | Temple   | Became a worshipper of Cheibriados the Contemplative
  5093 | D:6      | Reached skill level 1 in Invocations
  5698 | D:6      | Reached XP level 9. HP: 65/66 MP: 13/13
  5773 | D:6      | Found a blossoming altar of Fedhas.
  6186 | D:6      | Found a glowing golden altar of the Shining One.
  6400 | D:7      | Reached * piety under Cheibriados
  6405 | D:7      | Reached skill level 5 in Fighting
  6437 | D:7      | Reached skill level 1 in Shields
  6471 | D:7      | Reached skill level 8 in Ranged Weapons
  6575 | D:7      | Identified the +4 war axe "Qeko Arr" {vorpal, rElec rPois}
  7177 | D:7      | Found a stormy altar of Qazlal.
  7177 | D:7      | Found a glowing silver altar of Zin.
  7423 | D:8      | Reached ** piety under Cheibriados
  7614 | D:8      | Reached XP level 10. HP: 73/76 MP: 16/16
  8387 | D:8      | Reached skill level 5 in Armour
  8392 | D:8      | Reached skill level 9 in Ranged Weapons
  8631 | D:9      | Identified the +1 ring mail of the Onion {Str+5}
  8652 | D:9      | Reached skill level 5 in Long Blades
  9123 | D:9      | Reached *** piety under Cheibriados
  9377 | D:9      | Found a staircase to the Lair.
  9459 | D:9      | Noticed a cyclops
  9465 | D:9      | Killed a cyclops
  9466 | D:9      | Reached XP level 11. HP: 83/83 MP: 18/18
  9663 | D:9      | Found a radiant altar of Vehumet.
  9758 | D:9      | Identified the +5 scale mail of Call {Fly}
  9801 | D:10     | Entered Level 10 of the Dungeon
  9851 | D:10     | Reached skill level 5 in Invocations
  9856 | D:10     | Reached skill level 5 in Spellcasting
 10212 | D:10     | Found a portal to a secret trove of treasure.
 10340 | D:10     | Found Genaodghi's Weapon Emporium.
 10499 | D:10     | Reached **** piety under Cheibriados
 10848 | D:11     | Noticed a centaur warrior
 11479 | D:11     | Killed a centaur warrior
 11560 | D:11     | Reached skill level 5 in Dodging
 11697 | D:11     | Noticed a green ugly thing
 11708 | D:11     | Killed a green ugly thing
 11853 | D:11     | Noticed a boulder beetle
 11863 | D:11     | Killed a boulder beetle
 11973 | D:11     | Noticed a manticore
 11981 | D:11     | Killed a manticore
 12290 | D:11     | Reached XP level 12. HP: 86/91 MP: 20/20
 12538 | D:11     | Reached skill level 10 in Ranged Weapons
 13202 | Lair:1   | Entered Level 1 of the Lair of Beasts
 13283 | Lair:1   | Noticed Sonja
 13290 | Lair:1   | Killed Sonja
 13987 | Lair:1   | Identified the +2 robe of Bilavun {Stlth+}
 14503 | Lair:2   | Reached ***** piety under Cheibriados
 14505 | Lair:2   | Found a staircase to the Swamp.
 14757 | Lair:2   | Found a staircase to the Snake Pit.
 15224 | Lair:2   | Noticed a five-headed hydra
 15232 | Lair:2   | Killed a five-headed hydra
 15498 | Lair:2   | Noticed a catoblepas
 15509 | Lair:2   | Killed a catoblepas
 15951 | Lair:3   | Reached XP level 13. HP: 46/99 MP: 16/22
 16351 | Lair:3   | Reached skill level 11 in Ranged Weapons
 16906 | Lair:3   | Noticed an eight-headed hydra
 16913 | Lair:3   | Killed an eight-headed hydra
 17155 | Lair:3   | Noticed a six-headed hydra
 17159 | Lair:3   | Killed a six-headed hydra
 17160 | Lair:3   | Reached skill level 10 in Long Blades
 17301 | Lair:3   | Noticed a four-headed hydra
 17312 | Lair:3   | Killed a four-headed hydra
 17841 | Lair:3   | Noticed an anaconda
 17858 | Lair:3   | You are sucked into a shaft and drop 2 floors!
 17858 | Lair:5   | Entered Level 5 of the Lair of Beasts
 17872 | Lair:5   | HP: 5/101 [death yak (1)]
 17950 | Lair:5   | Found a viscous altar of Jiyva.
 18002 | Lair:5   | Noticed a five-headed hydra
 18036 | Lair:5   | Killed a five-headed hydra
 18037 | Lair:5   | Reached XP level 14. HP: 93/108 MP: 24/24
 18101 | Lair:5   | Found a frozen archway.
 18116 | IceCv    | Entered an ice cave
 19571 | Lair:5   | Found a staircase to the Slime Pits.
 19741 | Lair:5   | Reached skill level 10 in Fighting
 19959 | Lair:4   | Reached skill level 12 in Ranged Weapons
 20657 | Lair:3   | Reached ****** piety under Cheibriados
 20846 | Lair:3   | Identified the +3 long sword of Starshine {flame, Dex+4
                  | SInv}
 21400 | D:12     | Found a staircase to the Orcish Mines.
 21547 | D:12     | Reached skill level 5 in Shields
 21635 | D:12     | Reached skill level 10 in Armour
 22864 | D:13     | Found a shadowy altar of Dithmenos.
 22975 | D:13     | Reached XP level 15. HP: 19/117 MP: 26/26
 23371 | D:14     | Found a transporter.
 23373 | D:14     | Found a transporter.
 23380 | D:14     | Noticed onwiheg's ghost (journeyman HOGl)
 23485 | D:14     | Found a bloodstained altar of Trog.
 23633 | D:14     | You are sucked into a shaft and drop 1 floor!
 23633 | D:15     | Entered Level 15 of the Dungeon
 24521 | D:15     | Found a staircase to the Depths.
 24691 | Orc:1    | Entered Level 1 of the Orcish Mines
 24877 | Orc:1    | Found a radiant altar of Vehumet.
 25022 | Orc:1    | You are sucked into a shaft and drop 1 floor!
 25022 | Orc:2    | Entered Level 2 of the Orcish Mines
 25030 | Orc:2    | Noticed an orc warlord
 25031 | Orc:2    | Killed by an exploding orc sorcerer... ignited by their
                  | inner flame

Illustrated notes

Levels and vault maps discovered:
D:1:      co_arrival_two_rings, layout_basic
D:2:      kennysheep_big_flooded_room, layout_rooms, basic_altar
D:3:      layout_basic, lexackson_kobold_supper
D:4:      layout_basic, elyvilon_altar_1, chequers_serial_rivers_micro_c
D:5:      layout_gridville, serial_shops, kennysheep_mini_moat,
          amethyst_killhole
D:6:      layout_loops_corners, kennysheep_little_box, tso_oasis_becter,
          minmay_temple_entry_trees
D:7:      layout_loops_ring, mainiacjoe_overflow_divided_tiny
D:8:      layout_loops_corners
D:9:      layout_cave_pods, vehumet_altar_wand_db, lair_entry_dummy,
          serial_bayou, serial_bayou_shore_b, serial_bayou_lagoon_a,
          serial_bayou_pond_d, serial_bayou_pond_e, bh_walls_and_bars
D:10:     layout_basic, nicolae_trove_entry_crystal, serial_shops,
          nicolae_shop_bloodbath_and_beyond
D:11:     layout_big_octagon, minmay_misc_feat_plants,
          nicolae_concentric_dashed_squares_wild
D:12:     layout_roguey, david_orc_1_choice, serial_curves, eino_curves_04,
          eino_curves_03
D:13:     layout_loops_ring, kennysheep_flooded_box, st_stairs_5,
          grunt_dithmenos_shadows
D:14:     layout_loops_corners, david_vaults_1,
          gammafunk_ghost_wrathful_warriors, grunt_decor_arrowhead
D:15:     grunt_enter_depths_magical_seal, layout_irregular_city,
          minmay_misc_feat_rugged
Temple:   eino_temple_rhombus
Lair:1:   layout_layer_cave, uniq_sonja
Lair:2:   layout_small_grid, swamp_mist, guppyfry_snake_entry_garden,
          cheibrodos_lair_lostbears
Lair:3:   layout_small_grid, dreamdust_deal_with_the_devil,
          nicolae_lair_lakeside_cave
Lair:4:   layout_regular_city, lemuel_fruit_tree
Lair:5:   cheibrodos_lair_end_hotspot, layout_misc_corridors, slime_entry_1,
          portal_ice_cave_demonic_guard
Orc:1:    layout_caves, basic_altar
Orc:2:    grunt_orc_cross, layout_caves, serial_shops, nicolae_shop_waterfront,
          uniq_urug, uniq_erolcha

Skill      XL: |  1  2  3  4  5  6  7  8  9 10 11 12 13 14 15 |
---------------+----------------------------------------------+-----
Dodging        | 2 3 4 5 6 7 |  7.7
Spellcasting   | 1 2 4 5 6 7 8 |  8.2
Armour         | 1 2 3 4 5 7 8 9 10 | 10.4
Ranged Weapons | 5 6 7 8 9 10 11 12 | 12.6
Short Blades   | 1 |  1.0
Fighting       | 3 4 5 6 7 8 9 10 | 10.9
Long Blades    | 1 2 3 4 6 8 9 10 11 | 11.8
Invocations    | 1 3 4 5 6 7 9 |  9.7
Shields        | 1 2 3 5 6 |  6.5
Stealth        | 2 3 |  3.7
Evocations     | |  0.3

Action                   |  1- 3 |  4- 6 |  7- 9 | 10-12 | 13-15 || total
-------------------------+-------+-------+-------+-------+-------++-------
Melee: Short sword       |       |    16 |       |       |       ||    16
       Great sword       |       |    17 |   118 |   201 |    96 ||   432
       Punch             |       |       |     1 |     4 |       ||     5
       Triple sword      |       |       |       |       |   185 ||   185
       Long sword        |       |       |       |       |     3 ||     3
 Fire: Shortbow          |    89 |   159 |   197 |       |       ||   445
       Longbow           |       |       |       |   171 |   255 ||   426
Throw: Dart              |       |       |       |     1 |     2 ||     3
Invok: Slouch            |       |       |       |     1 |     5 ||     6
 Abil: Shaft Self        |       |       |       |       |     3 ||     3
Evoke: Wand              |       |       |       |     4 |     7 ||    11
  Use: Scroll            |       |       |    13 |     2 |    21 ||    36
       Potion            |       |       |     2 |     1 |     9 ||    12
 Stab: Sleeping          |       |       |       |     1 |     4 ||     5
       Distracted        |       |       |       |       |     3 ||     3
       Invisible         |       |       |       |       |     1 ||     1
Armor: Leather armour    |     7 |       |       |       |       ||     7
       Plate armour      |       |    85 |       |       |       ||    85
       Ring mail         |       |    13 |    77 |    19 |       ||   109
       Scale mail        |       |       |       |    81 |   120 ||   201
Dodge: Dodged            |    27 |    67 |   168 |   245 |   425 ||   932
Block: Other             |       |       |    47 |    58 |    33 ||   138
       Reflection        |       |       |       |     1 |    12 ||    13
       Buckler           |       |       |       |       |   270 ||   270

Table legend: (Time is in decaauts)
 A = Elapsed time spent in this place.
 B = Non-inter-level travel time spent in this place.
 C = Inter-level travel time spent in this place.
 D = Time resting spent in this place.
 E = Time spent auto-exploring this place.
 F = Levels seen in this place.
 G = Mean time per level.
                   A        B        C        D        E       F      G
               +--------+--------+--------+--------+--------+-----+--------+
         Total |  34013 |  31718 |   2295 |   5831 |  21362 |  24 | 1417.2 |
       Dungeon |  22100 |  20314 |   1786 |   3253 |  14281 |  15 | 1473.3 |
        Temple |     28 |     17 |     11 |      0 |      3 |   1 |   28.0 |
          Lair |  10008 |   9511 |    497 |   1525 |   6668 |   5 | 2001.6 |
  Orcish Mines |    486 |    486 |      0 |      0 |    354 |   2 |  243.0 |
      Ice Cave |   1389 |   1389 |      0 |   1053 |     55 |   1 | 1389.0 |
               +--------+--------+--------+--------+--------+-----+--------+

Top non-repeatable levels by time:
  Lair:2: 2871 daAuts
  Lair:3: 2659 daAuts
    D:10: 2287 daAuts
    D:11: 2258 daAuts
  Lair:1: 2073 daAuts
    D:13: 1996 daAuts
     D:9: 1966 daAuts
    D:12: 1830 daAuts
     D:6: 1636 daAuts
     D:8: 1627 daAuts
     D:4: 1536 daAuts
    D:15: 1505 daAuts
     D:7: 1433 daAuts
     D:5: 1420 daAuts
   IceCv: 1389 daAuts
